 Dungeon Crawl Stone Soup version 0.30-a0-930-gb9d0489357 (webtiles) character file.

Game seed: 1776050400460456126

306 mopl the Shooter (level 7, -2/58 HPs)
             Began as a Meteoran Hunter on Mar 23, 2023.
             Succumbed to a scorpion's poison
             ... on level 3 of the Dungeon.
             The game lasted 00:06:34 (1197 turns).

mopl the Shooter (Meteoran Hunter)                  Turns: 1197, Time: 00:06:34

Health: -2/58      AC:  8    Str: 11    XL:     7   Next: 0%
Magic:  8/8        EV: 12    Int: 13    God:
Gold:   167        SH:  0    Dex: 19    Spells: 6/6 levels left

rFire   . . .      SeeInvis .    n - +1 sling "Fuubayh" {speed, rElec rN++ Str-3 Int+3}
rCold   . . .      Faith    .    (no shield)
rNeg    + + +      Spirit   .    j - +0 ring mail
rPois   .          Reflect  .    v - +0 helmet
rElec   +          Rampage  .    (no cloak)
rCorr   .                        c - +1 pair of gloves
Will    .....                    (no boots)
Stlth   +                        (no amulet)
HPRegen 0.29/turn                o - ring of positive energy
MPRegen 0.11/turn                (no ring)

@: brilliant, lethally poisoned (-2 -> -21), glowing, studying Conjurations
A: sense surroundings 1, otherworldly, glowing, explore regen
a: no special abilities


You were on level 3 of the Dungeon.
You visited 1 branch of the dungeon, and saw 4 of its levels.

You collected 167 gold pieces.

Inventory:

Hand Weapons
 a - a +0 shortbow
 n - the +1 sling "Fuubayh" (weapon) {speed, rElec rN++ Str-3 Int+3}
   (You found it on level 2 of the Dungeon)

   Str:       It affects your strength (-3).
   Int:       It affects your intelligence (+3).
   rElec:     It insulates you from electricity.
   rN:        It greatly protects you from negative energy.
Missiles
 h - 11 poisoned darts
Armour
 c - a +1 pair of gloves (worn)
 j - a +0 ring mail (worn)
 v - a +0 helmet (worn)
Jewellery
 e - a ring of ice
 o - a ring of positive energy (left hand)
 w - a ring of wizardry
Scrolls
 b - a scroll of immolation
 d - a scroll of noise {unknown}
 g - a scroll of identify {unknown}
 l - a scroll of fear {unknown}
 m - a scroll of fog {unknown}
 p - a scroll of brand weapon {unknown}
 r - a scroll of teleportation {unknown}
 u - a scroll of vulnerability {unknown}
Potions
 i - a potion of resistance {unknown}
 k - a potion of curing {unknown}
 q - a potion of degeneration {unknown}
 s - a potion of cancellation {unknown}
 t - a potion of mutation {unknown}
 x - a potion of berserk rage {unknown}


   Skills:
 + Level 3.7 Fighting
 * Level 6.1 Ranged Weapons
 + Level 3.0 Armour
 + Level 4.1 Dodging
 - Level 0.6 Stealth


You had 6 spell levels left.
You didn't know any spells.
Your spell library contained the following spells:

 Spells                   Type           Power      Damage    Failure   Level
 Slow                     Hex            0%         N/A       56%         1
 Cigotuvi's Dreadful Rot  Necr/Pois/Air  0%         N/A       71%         2
 Sublimation of Blood     Necr           0%         N/A       71%         2
 Confusing Touch          Hex            0%         N/A       91%         3
 Vampiric Draining        Necr           0%         2d6       91%         3
 Dispel Undead            Necr           0%         3d6       100%        4
 Petrify                  Tmut/Erth      0%         N/A       100%        4
 Irradiate                Conj/Tmut      0%         3d11      100%        5
 Death Channel            Necr           0%         N/A       100%        6


Dungeon Overview and Level Annotations

Branches:
Dungeon (4/15) Zot: 1186
 Temple: D:4-7

Altars:


Innate Abilities, Weirdness & Mutations

You passively map a small area around you.
You are easily found by Zot.
You glow in the dark.
You regain HP and MP as you explore.


Message History

The scorpion attacks as you move away! The scorpion stings you.
* * * LOW HITPOINT WARNING * * *
The kobold closely misses you. The endoplasm freezes you.
You are frozen.
* * * LOW HITPOINT WARNING * * *
The kobold attacks as you move away! The kobold hits you but does no damage.
The endoplasm jiggles.
The endoplasm freezes you.
You are frozen.
* * * LOW HITPOINT WARNING * * *
The scorpion stings you but does no damage.
The kobold attacks as you move away! The kobold hits you but does no damage.
Okay, then.
Okay, then.
Fire: n) +1 sling "Fuubayh" {speed, rElec rN++ Str-3 Int+3}
Press: ? - help, Q - select action, (/) - cycle Shift-Dir - straight line, f - scorpion
Aim: a scorpion (severely wounded, 64% to hit)
You shoot a sling bullet.
The sling bullet hits the scorpion but does no damage.
The scorpion is severely wounded.
The scorpion stings you.
* * * LOW HITPOINT WARNING * * *
You are lethally poisoned!
The scorpion poisons you!
Fire: n) +1 sling "Fuubayh" {speed, rElec rN++ Str-3 Int+3}
Press: ? - help, Q - select action, (/) - cycle Shift-Dir - straight line, f/p - scorpion
Aim: a scorpion (severely wounded, 64% to hit)
You shoot a sling bullet.
The sling bullet barely misses the scorpion.
The sling bullet completely misses the kobold.
The sling bullet hits the endoplasm but does no damage.
* * * LOW HITPOINT WARNING * * *
You feel sick. The scorpion stings you.
* * * LOW HITPOINT WARNING * * *
You are more poisoned.
The scorpion poisons you!
It was a potion of brilliance.
You feel clever all of a sudden.
You die...

#.# , .#.# ...........# .#.#
,, ..........### #.######
............ * #......# #####
* #........... .#......# #...#
#........... .#......# #...#
#...........
...########...#####...........
................@sKJ..>.......
.#.............#####....###...
##.....####....# .......# *
#...........#.##.......#
#.....#####.#.##.......#
*#.#.....* #.#..........#
...####... #.#.....##...# *
#..# ##....#.#.###. ##.## * ,
#.. ..,......#.# ,*


You could see a scorpion, an endoplasm and a kobold.

Vanquished Creatures
  Sigmund (D:2)
  An orc wizard (D:3)
  Terence (D:2)
  Robin (D:2)
  3 adders
  A worm (D:2)
  A dart slug (D:2)
  2 orcs (D:3)
  6 endoplasms
  2 giant cockroaches
  14 goblins
  4 hobgoblins
  2 jackals (D:1)
  2 quokkas
  4 ball pythons
  A bat (D:2)
  5 frilled lizards
  6 kobolds
  6 rats
63 creatures vanquished.

Notes
Turn   | Place    | Note
-------+----------+-------------------------------------------
     0 | D:1      | mopl the Meteoran Hunter began the quest for the Orb.
     0 | D:1      | Reached XP level 1. HP: 17/17 MP: 2/2
    61 | D:1      | Reached XP level 2. HP: 19/24 MP: 3/3
   203 | D:1      | Reached skill level 1 in Armour
   203 | D:1      | Reached XP level 3. HP: 27/30 MP: 4/4
   475 | D:2      | Reached skill level 5 in Ranged Weapons
   475 | D:2      | Reached skill level 3 in Dodging
   475 | D:2      | Reached XP level 4. HP: 37/37 MP: 5/5
   521 | D:2      | Noticed Terence
   525 | D:2      | Killed Terence
   565 | D:2      | Identified the +1 sling "Fuubayh" {speed, rElec rN++ Str-3
                  | Int+3}
   569 | D:2      | Noticed Sigmund
   593 | D:2      | Killed Sigmund
   594 | D:2      | Reached skill level 3 in Fighting
   594 | D:2      | Reached skill level 2 in Armour
   594 | D:2      | Reached XP level 5. HP: 18/45 MP: 6/6
   594 | D:2      | Reached XP level 6. HP: 20/51 MP: 7/7
   836 | D:2      | Noticed Robin
   867 | D:2      | Killed Robin
   868 | D:2      | Reached skill level 6 in Ranged Weapons
  1050 | D:3      | Reached skill level 4 in Dodging
  1072 | D:3      | Reached skill level 3 in Armour
  1141 | D:4      | Reached XP level 7. HP: 58/58 MP: 8/8
  1197 | D:3      | Succumbed to a scorpion's poison

Illustrated notes

Levels and vault maps discovered:
D:1:      dpeg_arrival_rooms_b, layout_loops_ring, minmay_tetromino_s2
D:2:      layout_basic, uniq_sigmund, uniq_robin, uniq_terence
D:3:      layout_basic, hex_medium
D:4:      layout_cave_pools, marbit_many_paths, amethyst_overflow_temple_binary

Skill      XL: |  1  2  3  4  5  6 |
---------------+-------------------+-----
Armour         | 1 2 3 |  3.0
Ranged Weapons | 5 6 |  6.1
Dodging        | 3 4 |  4.1
Fighting       | 3 |  3.7
Stealth        | |  0.6

Action                     |  1- 3 |  4- 6 |  7- 9 || total
---------------------------+-------+-------+-------++-------
  Melee: Sling             |       |     1 |       ||     1
   Fire: Shortbow          |    84 |    10 |       ||    94
         Sling             |       |    82 |    32 ||   114
    Use: Potion            |       |       |     1 ||     1
 Armour: Leather armour    |    11 |       |       ||    11
         Ring mail         |     7 |    25 |    20 ||    52
  Dodge: Dodged            |    26 |    26 |    18 ||    70

Table legend: (Time is in decaauts)
 A = Elapsed time spent in this place.
 B = Non-inter-level travel time spent in this place.
 C = Inter-level travel time spent in this place.
 D = Time resting spent in this place.
 E = Time spent auto-exploring this place.
 F = Levels seen in this place.
 G = Mean time per level.
                   A        B        C        D        E       F      G
               +--------+--------+--------+--------+--------+-----+--------+
         Total |   1213 |   1177 |     36 |      0 |      0 |   4 |  303.2 |
       Dungeon |   1213 |   1177 |     36 |      0 |      0 |   4 |  303.2 |
               +--------+--------+--------+--------+--------+-----+--------+

Top non-repeatable levels by time:
     D:2: 571 daAuts
     D:1: 408 daAuts
     D:3: 180 daAuts
     D:4: 53 daAuts
